 Dungeon Crawl Stone Soup version 0.26-a0-651-gb41185065b (webtiles) character file.

Game seed: 17181607778148475418

(classic levelgen) 1439 EnegeticOcto the Cleaver (level 8, -4/68 HPs)
             Began as a Deep Dwarf Delver on Oct 24, 2020.
             Was an Initiate of Ru.
             Slain by an orc warrior
             ... wielding a +0 war axe
              (7 damage)
             ... while petrified
             ... in a bailey.
             The game lasted 00:05:14 (743 turns).

EnegeticOcto the Cleaver (Deep Dwarf Delver)         Turns: 743, Time: 00:05:14

Health: -4/68      AC:  8    Str: 19    XL:     8   Next: 45%
Magic:  0/0        EV:  2    Int: 10    God:    Ru [......]
Gold:   23         SH:  0    Dex: 14    Spells: 13/13 levels left

rFire    . . .     SeeInvis .   o - +0 war axe
rCold    . . .     Faith    .   (no shield)
rNeg     + + +     Spirit   .   k - +0 chain mail
rPois    ∞         Reflect  .   (no helmet)
rElec    .         Harm     .   (no cloak)
rCorr    .         Rampage  .   (no gloves)
MR       +....                  (no boots)
Stlth    ..........             (no amulet)
HPRegen  0.00/turn              (no ring)
MPRegen  0.07/turn              (no ring)

@: petrified, non-regenerating
A: damage resistance, heal wounds, sense surroundings 1, no regeneration
a: Heal Wounds, Renounce Religion


You were in a bailey.
You worshipped Ru.
Ru was noncommittal.
You visited 2 branches of the dungeon, and saw 5 of its levels.
You also visited: Bailey.

You collected 23 gold pieces.

Inventory:

Hand Weapons
 a - a +0 hand axe
 d - a +0 morningstar
 n - a +2 vorpal hand axe
 o - a +0 war axe (weapon)
Missiles
 h - 4 boomerangs (quivered)
 j - 2 throwing nets
Armour
 b - a +0 leather armour
 k - a +0 chain mail (worn)
 m - a +0 ring mail
Jewellery
 i - an uncursed ring of fire
Wands
 g - a wand of digging (3) {@v3}
Scrolls
 c - a scroll of fog
 l - 3 scrolls of enchant weapon
Potions
 f - a potion of haste {@q4}


   Skills:
 - Level 2.6 Fighting
 * Level 10.8 Axes
 - Level 2.1 Dodging
 - Level 6.0 Stealth
 - Level 3.0 Spellcasting


You had 13 spell levels left.
You didn't know any spells.
Your spell library was empty.

Dungeon Overview and Level Annotations

Branches:
Dungeon (7/15)             Temple (1/1) D:5          Bailey (1/1)

Altars:
Ashenzari
Gozag
Kikubaaqudgha
Makhleb
Nemelex Xobeh
Qazlal
Ru
Sif Muna
Uskayaw
Vehumet
Xom
Yredelemnul
Zin


Innate Abilities, Weirdness & Mutations

You are resistant to damage.
You can heal yourself by infusing magical energy.
You passively map a small area around you.
You do not regenerate.


Message History

The floor.
Unknown command.
Things that are here:
a +0 war axe; a +0 ring mail; a kobold corpse
Things that are here:
a +0 hand axe; a +0 leather armour; a goblin corpse
There is an open door here.
Found a gate leading back out of this place.
There is an open door here.
The goblin hits you but does no damage.
Found a gate leading back out of this place.
Your chain mail prevents you from hitting the goblin.
The goblin closely misses you.
You slash the goblin!
You kill the goblin!
An orc knight comes into view. It is wielding a +0 war axe.
Things that are here:
a +0 hand axe; a +0 leather armour; a goblin corpse You open the door.
There is an open door here.
p - a scroll labeled BEIZ SIHYISK You see here a lumpy blue potion.
It was a potion of flight.
You feel very buoyant.
You fly up into the air.
As you read the scroll of fear, it crumbles to dust.
You assume a fearsome visage.
The orc knight looks frightened!
You see here 2 scrolls of enchant weapon.
l - 3 scrolls of enchant weapon (gained 2)
You see here a scroll labeled GOUGOSICWEHYD.
q - a scroll labeled GOUGOSICWEHYD
There is an open door here.
The orc knight seems to regain its courage.
Things that are here:
a +0 hand axe; a +0 leather armour; a goblin corpse An orc comes into view.
It is wielding a +0 hand axe.
The orc shouts!
You hear a shout! x4
An orc comes into view. It is wielding a +0 hand axe.
A hobgoblin comes into view. It is wielding a +0 hand axe.
You hear a shout!
There is a gate leading back out of this place here.
The hobgoblin shouts!
The orc shouts!
You reach down and open the door.
You reach down and open the door.
Found a runed spear and a glowing hunting sling.
You are starting to lose your buoyancy.
Found a lajatang and an iridescent rapier.
There is an open door here.
As you read the scroll labeled BEIZ SIHYISK, it crumbles to dust.
You hear a loud clanging noise!
It was a scroll of noise.
You hear a shout! x4
As you read the scroll labeled GOUGOSICWEHYD, it crumbles to dust.
You feel blessed for a moment.
It was a scroll of remove curse.
The orc knight roars a battlecry!
The orc goes into a battle-frenzy!
As you read the scroll of fear, it crumbles to dust.
You assume a fearsome visage.
The orc knight looks frightened!
The orc looks frightened!
An orc warrior comes into view. It is wielding a +0 war axe.
You float gracefully downwards.
The orc warrior shouts!
You hear a shout!
The orc closely misses you.
The hobgoblin hits you but does no damage.
A hobgoblin comes into view. It is wielding a +0 hand axe.
An orc comes into view. It is wielding a +0 hand axe.
Evoke which item? (* to show all) (? for menu, Esc to quit)
Okay, then.
Okay, then.
The hobgoblin hits you but does no damage.
The orc knight seems to regain its courage.
The orc knight hits you but does no damage.
You hear a loud "Zot"!
You completely miss the orc knight. You hit the orc but do no damage.
The orc barely misses you.
The orc knight hits you with a +0 war axe!!
You closely miss the orc knight. You hit the orc.
The orc hits you with a +0 hand axe.
The orc knight roars a battlecry!
The orcs go into a battle-frenzy!
You hear a loud "Zot"!
The power of Zot is invoked against you!
You are slowing down.
You closely miss the orc knight. You barely miss the orc.
The orc hits you but does no damage.
The orc knight hits you with a +0 war axe!
You hear a loud "Zot"!
The orc hits you but does no damage.
Your limbs are stiffening.
You hit the orc knight.
The orc knight is lightly wounded.
You hit the orc. The orc knight barely misses you.
You have turned to stone.
The orc knight roars a battlecry!
The orc goes into a battle-frenzy!
The orc knight hits you with a +0 war axe!
The orc warrior hits you with a +0 war axe!!
* * * LOW HITPOINT WARNING * * *
The orc knight hits you with a +0 war axe!
* * * LOW HITPOINT WARNING * * *
The orc warrior hits you with a +0 war axe!
You die...

≈≈≈≈≈≈≈≈≈≈ ≈≈≈ ≈
≈≈≈≈≈≈≈≈≈≈ ≈≈ ≈≈ ≈ ≈ * *
#≈≈≈≈≈≈≈≈ ≈# * ≈ ≈ + #..
..∩., ..# + ≈ ≈≈
#############
#....'.'..))# , ,*
#....#.#..))# ,, ≈ ≈
*#######o######### * ≈
o'..^.ogo@o..'..# ,*
.######g######..# ≈ *
#....#.#....#..# ≈≈≈ *
,#....'.'....#..# ≈≈≈≈ *
#############..#.≈≈≈
##'#...........#'##.≈≈≈
≈ ≈ ≈
+........_........'.≈≈≈≈
≈
#.8.........))..8.#.≈≈≈≈
#..........)......# ≈≈≈≈


You could see an orc knight, an orc warrior (strong), 2 orcs and 2 hobgoblins.

Vanquished Creatures
  2 kobold demonologists (Bailey)
  A water moccasin (D:7)
  An ice beast (D:5)
  2 orc warriors (Bailey)
  A centaur (D:5)
  A bullfrog (D:6)
  2 scorpions (D:5)
  An electric eel (Bailey)
  A howler monkey (D:5)
  2 bullfrog skeletons (D:5)
  3 worker ants
  4 gnolls (D:7)
  An adder (D:5)
  A white imp (D:5)
  An ufetubus (D:5)
  An ooze (D:5)
  An orc (Bailey)
  3 giant cockroaches
  12 goblins (Bailey)
  4 hobgoblins (Bailey)
  A jackal skeleton (D:7)
46 creatures vanquished.

Notes
Turn   | Place    | Note
-------+----------+-------------------------------------------
     0 | D:5      | EnegeticOcto the Deep Dwarf Delver began the quest for the
                  | Orb.
     0 | D:5      | Reached XP level 1. HP: 20/20 MP: 1/1
     1 | D:6      | Noticed a worker ant
    29 | D:5      | Found a staircase to the Ecumenical Temple.
    36 | Temple   | Entered the Ecumenical Temple
    58 | Temple   | Became a worshipper of Ru the Awakened
   114 | D:5      | Noticed a scorpion
   121 | D:5      | Killed a scorpion
   121 | D:5      | Reached skill level 4 in Axes
   121 | D:5      | Reached XP level 2. HP: 22/27 MP: 2/2
   121 | D:5      | Reached XP level 3. HP: 28/33 MP: 3/3
   140 | D:5      | Reached skill level 5 in Axes
   140 | D:5      | Reached XP level 4. HP: 27/40 MP: 4/4
   160 | D:5      | Noticed an ice beast
   192 | D:5      | Killed an ice beast
   192 | D:5      | Reached skill level 6 in Axes
   192 | D:5      | Reached XP level 5. HP: 39/46 MP: 4/4
   198 | D:5      | Noticed a centaur
   222 | D:5      | Killed a centaur
   222 | D:5      | Reached skill level 7 in Axes
   222 | D:5      | Reached XP level 6. HP: 33/55 MP: 4/6
   230 | D:5      | Reached skill level 1 in Spellcasting
   349 | D:6      | Reached XP level 7. HP: 58/61 MP: 8/8
   408 | D:7      | Reached skill level 8 in Axes
   472 | D:7      | Found a flagged portal.
   481 | Bailey   | Entered a bailey
   544 | Bailey   | Found an iron altar of Okawaru.
   544 | Bailey   | Noticed a kobold demonologist
   544 | Bailey   | Noticed a kobold demonologist
   560 | Bailey   | Noticed a smoke demon
   565 | Bailey   | Noticed an orange demon
   567 | Bailey   | Noticed a neqoxec
   567 | Bailey   | Noticed an orange demon
   568 | Bailey   | Killed a kobold demonologist
   568 | Bailey   | Reached skill level 9 in Axes
   572 | Bailey   | Noticed a rust devil
   614 | Bailey   | Noticed a hellwing
   617 | Bailey   | HP: 2/61 [hellwing[a kobold demonologist] (4)]
   628 | Bailey   | Reached XP level 8. HP: 37/68 MP: 6/6
   641 | Bailey   | Noticed an ice devil
   641 | Bailey   | Killed a kobold demonologist
   641 | Bailey   | Reached skill level 10 in Axes
   704 | Bailey   | Noticed an orc knight
   743 | Bailey   | HP: 3/68 [orc knight/+0 war axe (6)]
   743 | Bailey   | Slain by an orc warrior

Illustrated notes

Levels and vault maps discovered:
D:4:      layout_cave_pods, uniq_crazy_yiuf_cottage, uniq_eustachio,
          uniq_menkaure
D:5:      layout_rooms, minmay_temple_entry_slanted, uniq_duvessa,
          uniq_blork_the_orc
D:6:      layout_loops_ring, grunt_dithmenos_smoke, uniq_sigmund, uniq_maggie
D:7:      layout_basic, enter_bailey_2
Temple:   nicolae_temple_the_god_donut
Bailey:   bailey_axe_of_yendor_kennysheep, bailey

Skill      XL: |  1  2  3  4  5  6  7  8 |
---------------+-------------------------+-----
Axes           | 4 5 6 7 9 10 | 10.8
Spellcasting   | 1 3 |  3.0
Fighting       | |  2.6
Dodging        | |  2.1
Stealth        | |  6.0

Action                   |  1- 3 |  4- 6 |  7- 9 || total
-------------------------+-------+-------+-------++-------
Melee: Morningstar       |    19 |    25 |       ||    44
       Hand axe          |     5 |    52 |   102 ||   159
       War axe           |       |       |     6 ||     6
Throw: Boomerang         |     2 |     2 |    21 ||    25
 Abil: Heal Wounds       |     2 |    10 |    34 ||    46
  Use: Scroll            |     1 |     1 |     6 ||     8
       Potion            |       |       |     3 ||     3
 Stab: Sleeping          |       |     2 |       ||     2
Armor: Leather armour    |     7 |    12 |       ||    19
       Ring mail         |       |       |    45 ||    45
       Chain mail        |       |       |     5 ||     5
Dodge: Dodged            |    34 |    80 |   124 ||   238

Table legend: (Time is in decaauts)
 A = Elapsed time spent in this place.
 B = Non-inter-level travel time spent in this place.
 C = Inter-level travel time spent in this place.
 D = Time resting spent in this place.
 E = Time spent auto-exploring this place.
 F = Levels seen in this place.
 G = Mean time per level.
                   A        B        C        D        E       F      G
               +--------+--------+--------+--------+--------+-----+--------+
         Total |    730 |    709 |     21 |      0 |      0 |   6 |  121.7 |
       Dungeon |    449 |    449 |      0 |      0 |      0 |   4 |  112.2 |
        Temple |     44 |     23 |     21 |      0 |      0 |   1 |   44.0 |
        Bailey |    236 |    236 |      0 |      0 |      0 |   1 |  236.0 |
               +--------+--------+--------+--------+--------+-----+--------+

Top non-repeatable levels by time:
     D:5: 278 daAuts
  Bailey: 236 daAuts
     D:7: 108 daAuts
  Temple: 44 daAuts
     D:6: 44 daAuts
     D:4: 18 daAuts
